AoeStats
← bullseyes

African Clearing

506064383Analyzed
4v4 RM · 21d ago on Sep 12, 2026· 17m 58s· 8 players
Game mode
Random Map
Map size
Large (8 player)
Population
200
Speed
Normal
Resources
Standard
Victory
Conquest
Starting age
Dark Age
Ending age
Imperial Age
RankedLock teamsTeams togetherTeam positionsShared explorationLock speedFull tech treeHidden civsTurbo modeCheats
Victory
Defeat
🇨🇳 Berbers · China
1490
+21
🇨🇦 Tatars · Canada
1481
+21
🇨🇳 Malay · China
1459
+22
🇹🇼 Italians · Taiwan
1361
+39
🇨🇳 Britons · China
1653
-24
🇯🇵 Khitans · Japan
1587
-22
🇨🇳 Byzantines · China
1582
-22
🇧🇪 Sicilians · Belgium
1561
-21
小白
6:36 Loom
13:00 Feudal Age
13:32 Double-Bit Axe
15:15 Wheelbarrow
15:35 Forging
yu_k1
10:34 Loom
12:53 Feudal Age
13:44 Double-Bit Axe
14:58 Town Watch
18:11 Wheelbarrow
bullseyes
9:23 Loom
11:49 Feudal Age
13:44 Wheelbarrow
祈求好运
8:54 Loom
12:46 Feudal Age
13:20 Double-Bit Axe
17:27 Forging
18:03 Scale Barding Armor
Minomone
5:52 Loom
8:15 Loom
11:58 Feudal Age
12:33 Double-Bit Axe
14:01 Town Watch
14:51 Wheelbarrow
16:01 Horse Collar
EricLu6
9:00 Loom
11:18 Feudal Age
9:34 Loom
10:58 Double-Bit Axe
10:54 Horse Collar
17:11 Castle Age
15:19 Town Watch
17:03 Bow Saw
murphykuang0205
9:59 Loom
12:47 Feudal Age
14:28 Double-Bit Axe
17:17 Castle Age
16:44 Horse Collar
不西西
12:21 Feudal Age
13:49 Loom
16:58 Castle Age
14:45 Double-Bit Axe
Connection lost

Rejoining the realm…

Still unreachable

The connection could not be restored.

Session expired

The server has moved on; the page needs a fresh start.